 Dungeon Crawl Stone Soup version 0.30-a0-51-g784eafce7f (webtiles) character file.

Game seed: 3527950220141253110

9 anonymouscript the Grave Robber (level 2, -1/23 HPs)
             Began as a Meteoran Wanderer on Sept 5, 2022.
             Slain by a hobgoblin (3 damage)
             ... on level 2 of the Dungeon.
             The game lasted 00:03:38 (347 turns).

anonymouscript the Grave Robber (Meteoran Wanderer)  Turns: 347, Time: 00:03:40

Health: -1/23      AC:  2    Str:  9    XL:     2   Next: 35%
Magic:  5/5        EV: 10    Int: 16    God:
Gold:   53         SH:  4    Dex: 14    Spells: 2/3 levels left

rFire   . . .      SeeInvis .    a - +0 dagger
rCold   . . .      Faith    .    d - +0 buckler
rNeg    . . .      Spirit   .    c - +0 robe
rPois   .          Reflect  .    (no helmet)
rElec   .          Harm     .    (no cloak)
rCorr   .          Rampage  .    (no gloves)
Will    .....                    (no boots)
Stlth   +.........               (no amulet)
HPRegen 0.07/turn                (no ring)
MPRegen 0.09/turn                (no ring)

@: glowing
A: sense surroundings 1, otherworldly, glowing, explore regen
a: no special abilities


You were on level 2 of the Dungeon.
You visited 1 branch of the dungeon, and saw 3 of its levels.

You collected 53 gold pieces.

Inventory:

Hand Weapons
 a - a +0 dagger (weapon)
Missiles
 g - 20 stones
 k - 6 javelins
Armour
 c - a +0 robe (worn)
 d - a +0 buckler (worn)
Jewellery
 i - an amulet of faith
Scrolls
 f - a scroll of enchant armour {unknown}
 j - a scroll of blinking {unknown}
Potions
 b - a potion of berserk rage
 e - a potion of ambrosia {unknown}
 h - a potion of curing {unknown}


   Skills:
 + Level 1.1 Fighting
 + Level 2.4 Shields
 + Level 1.3 Spellcasting
 + Level 4.9 Necromancy
 + Level 2.4 Air Magic


You had 2 spell levels left.
You knew the following spells:

 Your Spells              Type           Power      Damage    Failure   Level
a - Necrotise             Necr           64%        1d7       3%          1

Your spell library contained the following spells:

 Spells                   Type           Power      Damage    Failure   Level
 Sublimation of Blood     Necr           16%        N/A       6%          2
 Poisonous Vapours        Pois/Air       10%        N/A       26%         2
 Static Discharge         Conj/Air       10%        3-4/arc   26%         2
 Animate Dead             Necr           16%        N/A       36%         4


Dungeon Overview and Level Annotations

Branches:
Dungeon (3/15) Zot: 1442

Altars:

Shops:
D:1 [


Innate Abilities, Weirdness & Mutations

You passively map a small area around you.
You are easily found by Zot.
You glow in the dark.
You regain HP and MP as you explore.


Message History

The hobgoblin hits you.
You barely miss the hobgoblin. The hobgoblin closely misses you.
You hit the hobgoblin.
The hobgoblin is moderately wounded.
The hobgoblin hits you.
You barely miss the hobgoblin.
The hobgoblin is moderately wounded.
The hobgoblin hits you.
You closely miss the hobgoblin.
The hobgoblin is moderately wounded.
The hobgoblin hits you.
Casting: Necrotise (safe; 3% risk of failure)
Confirm with . or Enter, or press ? or * to list all spells.
Aiming: Necrotise (safe; 3% risk of failure)
Press: ? - help, Shift-Dir - straight line, f - hobgoblin
Aim: a hobgoblin (moderately wounded, chance to affect: 86%)
The hobgoblin barely resists.
The hobgoblin hits you but does no damage.
You open the door. The hobgoblin hits you.
* * * LOW HITPOINT WARNING * * *
There is an open door here.
The hobgoblin attacks as you move away! The hobgoblin hits you.
* * * LOW HITPOINT WARNING * * *
The hobgoblin attacks as you move away!
The hobgoblin hits you but does no damage.
The hobgoblin attacks as you move away! You block the hobgoblin's attack.
The hobgoblin attacks as you move away! The hobgoblin hits you.
* * * LOW HITPOINT WARNING * * *
There is a stone staircase leading up here.
The hobgoblin barely misses you.
You climb upwards.
There is a stone staircase leading down here.
The hobgoblin attacks as you move away! The hobgoblin closely misses you.
The hobgoblin attacks as you move away! The hobgoblin hits you.
* * * LOW HITPOINT WARNING * * *
The hobgoblin attacks as you move away!
The hobgoblin hits you but does no damage.
The hobgoblin attacks as you move away! The hobgoblin closely misses you.
The hobgoblin attacks as you move away! The hobgoblin hits you.
You die...

* #.###.##.#
* #.##.# # *
* #.##.##.# ,
, ,*
#.......#
########.####
* *#........#
#.########
#g# #@# #.#
..# * ##.#
###


You could see a hobgoblin.

Vanquished Creatures
  An endoplasm (D:1)
  A giant cockroach (D:1)
  A goblin (D:1)
  2 hobgoblins
  2 bats
  A rat (D:1)
8 creatures vanquished.

Notes
Turn   | Place    | Note
-------+----------+-------------------------------------------
     0 | D:1      | anonymouscript the Meteoran Wanderer began the quest for
                  | the Orb.
     0 | D:1      | anonymouscript set off with the following items: a +0
                  | dagger, a potion of berserk rage, a +0 robe, a +0 buckler;
                  | and the following spell memorised: Necrotise; and the
                  | following spells available to memorise: Sublimation of
                  | Blood, Poisonous Vapours, Static Discharge, Animate Dead.
     0 | D:1      | Reached XP level 1. HP: 16/16 MP: 3/3
    65 | D:1      | Found Ohiex's Armour Shoppe.
    91 | D:1      | Reached XP level 2. HP: 5/23 MP: 5/5
   329 | D:3      | HP: 1/23 [hobgoblin (4)]
   347 | D:2      | Slain by a hobgoblin

Illustrated notes

Levels and vault maps discovered:
D:1:      elethiomel_arrival_quiet, layout_basic, serial_shops,
          nicolae_shop_behind_doors, shapermc_ecumenical_altar_mp_vishouse
D:2:      layout_basic, basic_altar
D:3:      layout_basic

Action                   || total
-------------------------++-------
Melee: Dagger            ||    33
 Cast: Necrotise         ||     2
  Use: Potion            ||     1
Armor: Robe              ||    17
Dodge: Dodged            ||    17
Block: Buckler           ||     4

Table legend: (Time is in decaauts)
 A = Elapsed time spent in this place.
 B = Non-inter-level travel time spent in this place.
 C = Inter-level travel time spent in this place.
 D = Time resting spent in this place.
 E = Time spent auto-exploring this place.
 F = Levels seen in this place.
 G = Mean time per level.
                   A        B        C        D        E       F      G
               +--------+--------+--------+--------+--------+-----+--------+
         Total |    357 |    357 |      0 |      0 |      0 |   3 |  119.0 |
       Dungeon |    357 |    357 |      0 |      0 |      0 |   3 |  119.0 |
               +--------+--------+--------+--------+--------+-----+--------+

Top non-repeatable levels by time:
     D:2: 176 daAuts
     D:1: 130 daAuts
     D:3: 50 daAuts
